 Dungeon Crawl Stone Soup version 0.31.0-9-g3a7656b989 (webtiles) character file.

Game seed: 7195437945376999155

3526 Henri the Cleaver (level 9, 0/61 (64) HPs)
             Began as a Demonspawn Chaos Knight on Jan 26, 2024.
             Was a Plaything of Xom.
             Killed from afar by an orc wizard (8 damage)
             ... with a puff of flame
             ... on level 8 of the Dungeon.
             The game lasted 00:21:03 (6802 turns).

Henri the Cleaver (Demonspawn Chaos Knight)         Turns: 6802, Time: 00:21:03

HP:   0/61 (64)     AC: 12    Str: 12    XL:     9   Next: 82%
MP:   0/9           EV: 11    Int: 13    God:    Xom [.*....]
Gold: 469           SH:  0    Dex: 15    Spells: 8/8 levels left

rFire   . . .        a - +0 hand axe (chaos)
rCold   . . .        (no shield)
rNeg    . . .        b - +2 leather armour
rPois   +            (helmet restricted)
rElec   .            (no cloak)
rCorr   .            C - +0 pair of gloves
SInv    .            i - +1 pair of boots
Will    +....        D - amulet of guardian spirit
Stlth   +            h - ring of poison resistance
HPRegen 0.30/turn    p - ring of flight
MPRegen 0.11/turn

%: guardian spirit
@: flying, lightly drained
A: antennae 2, thin metallic scales 2, foul stench 2, frail 1, strong-willed 1,
screaming 2, teleportitis 1, weak 1, wild magic 1, MP-powered wands
a: Renounce Religion


You were on level 8 of the Dungeon.
You worshipped Xom.
You were a plaything of Xom.
You visited 2 branches of the dungeon, and saw 10 of its levels.

You collected 469 gold pieces.

Inventory:

Hand Weapons
 a - a +0 hand axe of chaos (weapon)
Missiles
 y - 2 throwing nets (quivered)
Armour
 b - a +2 leather armour (worn)
 i - a +1 pair of boots (worn)
 C - a +0 pair of gloves (worn)
Jewellery
 h - a ring of poison resistance (left hand)
 p - a ring of flight (right hand)
 D - an amulet of guardian spirit (around neck)
Wands
 k - a wand of flame (5)
 o - a wand of mindburst (12)
Scrolls
 c - a scroll of butterflies
 d - a scroll of poison
 f - a scroll of torment
 g - a scroll of vulnerability {unknown}
 j - 3 scrolls of enchant armour
 l - a scroll of silence {unknown}
 m - a scroll of fog {unknown}
 r - 2 scrolls of immolation {unknown}
 t - 2 scrolls of enchant weapon {unknown}
 u - 2 scrolls of noise {unknown}
 x - a scroll of brand weapon {unknown}
 z - 2 scrolls of teleportation {unknown}
Potions
 e - 3 potions of attraction
 n - 2 potions of curing
 q - a potion of ambrosia
 s - a potion of berserk rage
 v - a potion of resistance {unknown}
 w - a potion of might {unknown}
 A - a potion of magic {unknown}
 B - 2 potions of invisibility {unknown}


   Skills:
 + Level 7.2 Fighting
 + Level 10.2 Axes
 + Level 6.1 Armour
 - Level 0.8 Dodging


You had 8 spell levels left.
You didn't know any spells.
Your spell library contained the following spells:

 Spells                   Type           Power      Damage    Failure   Level
 Cigotuvi's Dreadful Rot  Necr/Alch/Air  0%         N/A       58%         2
 Ensorcelled Hibernation  Hex/Ice        0%         N/A       58%         2
 Fugue of the Fallen      Necr           0%         N/A       82%         3
 Anguish                  Hex/Necr       0%         N/A       99%         4
 Ignite Poison            Fire/Alch      0%         N/A       99%         4
 Freezing Cloud           Conj/Ice/Air   0%         6-21      100%        5


Dungeon Overview and Level Annotations

Branches:
Dungeon (9/15)             Temple (1/1) D:7
   Lair: D:8-11         Orc: D:9-12

Altars:
Ashenzari
Cheibriados
Dithmenos
Fedhas
Hepliaklqana
Kikubaaqudgha
Makhleb
Nemelex Xobeh
Okawaru
Qazlal
Ru
Sif Muna
Trog
Uskayaw
Vehumet
Wu Jian
Xom
Yredelemnul

Annotations:
D:6 3 runed translucent doors, MacCMillion's ghost, novice HOFi


Innate Abilities, Weirdness & Mutations

You have a pair of antennae on your head.
You are mostly covered in thin metallic scales. (AC +3)
You sometimes emit foul miasma when damaged in melee.
You are frail. (-10% HP)
You are strong-willed. (Will+)
You frequently scream uncontrollably at your foes.
You are occasionally teleported next to monsters.
You are weak. (Str -2)
Your spells are a little harder to cast, but a little more powerful.
You expend magic power (3 MP) to strengthen your wands.


Message History

The troll is moderately wounded.
The troll bites you. The troll claws you!
* * * LOW HITPOINT WARNING * * *
The troll claws you but does no damage.
Unknown command.
The troll stops moving altogether!
The sky beast flickers out of sight!
Deactivating autopickup; reactivate with Ctrl-A.
Found a weird runed staff.
The orc wizard shouts!
The orc attacks as it pursues you! The orc misses you.
The orc wizard points at you and mumbles some strange words.
The magic dart hits you.
* * * LOW HITPOINT WARNING * * *
The orc attacks as it pursues you!
The orc hits you with a +1 mace of draining.
* * * LOW HITPOINT WARNING * * *
You feel drained.
A sky beast appears from thin air!
Reactivating autopickup.
Found a stone staircase leading up.
The sky beast flickers out of sight!
Deactivating autopickup; reactivate with Ctrl-A.
The orc attacks as it pursues you!
The orc hits you with a +1 mace of draining.
* * * LOW HITPOINT WARNING * * *
You feel drained. The orc wizard casts a spell at you.
The puff of flame hits you.
* * * LOW HITPOINT WARNING * * *
Okay, then.
As you read the scroll labelled PITOMUEFEL, it crumbles to dust.
Your body is wracked with pain!
* * * LOW HITPOINT WARNING * * *
The orc convulses!
Something is bathed in an unholy light!
The orc wizard convulses!
The troll convulses!
It was a scroll of torment.
The orc closely misses you.
Unknown command.
A sky beast appears from thin air!
Reactivating autopickup.
The orc wizard gestures at you while chanting.
The puff of flame hits you!
You die...

### ## ###### ...< ..##.....#
....##.#................
........................
...........##..###...#..
...............##.......
........................
.......@........##......
.........o..............
...|.................... #......
...........Y§...........
#.....###.......o.#.............
##................##..T..........
#.........#.##....#####..........
..........#..#...####.#..........
.............#....##....##.......


You could see a troll (petrified, drained), a sky beast, an orc wizard and an
orc.

Vanquished Creatures
  Prince Ribbit (D:5)
  8 yaks
  Eustachio (D:5)
  2 steam dragons
  A water moccasin (D:9)
  An orc warrior (D:6)
  2 centaurs
  A phantom (D:7)
  A kobold brigand (D:9)
  A bullfrog (D:9)
  2 scorpions
  A wight (D:6)
  6 killer bees
  A bombardier beetle (D:4)
  An orc priest (D:3)
  A hound (D:2)
  2 jellies
  4 sleepcaps
  2 iguanas
  2 orc wizards
  7 adders
  2 gnolls (D:5)
  A shadow imp (D:5)
  A white imp (D:6)
  4 ufetubi
  4 dart slugs
  3 ribbon worms
  24 orcs
  5 bats
  2 endoplasms
  4 giant cockroaches
  16 goblins
  14 hobgoblins
  5 quokkas
  8 ball pythons
  3 frilled lizards
  19 kobolds
  6 rats
169 creatures vanquished.

Vanquished Creatures (collateral kills)
  A hornet (D:9)
  A yak (D:9)
  A jelly (D:6)
  A sleepcap (D:6)
  A white imp (D:6)
  An ufetubus (D:6)
  A kobold (D:9)
7 creatures vanquished.

Vanquished Creatures (others)
  A kobold zombie (D:5)
1 creature vanquished.

Grand Total: 177 creatures vanquished

Notes
Turn   | Place    | Note
-------+----------+-------------------------------------------
     0 | D:1      | Henri the Demonspawn Chaos Knight began the quest for the
                  | Orb.
     0 | D:1      | Reached XP level 1. HP: 18/18 MP: 1/1
    39 | D:1      | XOM: silly message
   165 | D:1      | XOM: silly message
   171 | D:1      | Reached skill level 3 in Axes
   203 | D:1      | Gained mutation: You have a pair of small antennae on your
                  | head. [demonic ancestry]
   203 | D:1      | Reached XP level 2. HP: 24/24 MP: 2/2
   288 | D:1      | XOM: noise
   403 | D:1      | XOM: silly message
   666 | D:2      | XOM: divination: detect items
   742 | D:2      | Gained mutation: You may rarely emit foul miasma when
                  | damaged in melee. [demonic ancestry]
   742 | D:2      | Reached XP level 3. HP: 21/29 MP: 3/3
   856 | D:2      | Reached skill level 4 in Axes
   878 | D:2      | XOM: potion effect (berserk rage)
   883 | D:2      | Reached XP level 4. HP: 35/35 MP: 4/4
  1107 | D:2      | XOM: potion effect (berserk rage)
  1146 | D:2      | XOM: give mutations
  1146 | D:2      | Gained mutation: You have an increased reservoir of magic.
                  | (+10% MP) [Xom's mischief]
  1146 | D:2      | Gained mutation: You have a somewhat thin skeletal
                  | structure. (Dex +2, Stealth+) [Xom's mischief]
  1260 | D:2      | Found a faded altar of an unknown god.
  1266 | D:2      | XOM: summons 1 hostile demon
  1437 | D:2      | XOM: give mutations
  1437 | D:2      | Gained mutation: You occasionally shout uncontrollably at
                  | your foes. [Xom's mischief]
  1437 | D:2      | Gained mutation: You have a pair of antennae on your head.
                  | [Xom's mischief]
  1437 | D:2      | Gained mutation: Your flesh is cold resistant. (rC+) [Xom's
                  | mischief]
  1767 | D:3      | Found a broken altar of Ashenzari.
  1776 | D:3      | Reached skill level 5 in Axes
  1795 | D:3      | a bat changed into a steam dragon
  1795 | D:3      | Noticed a steam dragon
  1800 | D:3      | XOM: confusion
  1805 | D:3      | HP: 1/35 [steam dragon (3)]
  1806 | D:3      | Killed a steam dragon
  1807 | D:3      | Reached skill level 6 in Axes
  1807 | D:3      | Reached XP level 5. HP: 12/41 MP: 5/5
  1982 | D:3      | Gained mutation: You are partially covered in thin metallic
                  | scales. (AC +2) [demonic ancestry]
  1982 | D:3      | Reached XP level 6. HP: 31/47 MP: 6/6
  2266 | D:3      | XOM: give mutations
  2266 | D:3      | Gained mutation: You frequently scream uncontrollably at
                  | your foes. [Xom's mischief]
  2266 | D:3      | Gained mutation: You are strong-willed. (Will+) [Xom's
                  | mischief]
  2289 | D:3      | XOM: noise
  2472 | D:3      | XOM: silly message
  2787 | D:4      | Found a stormy altar of Qazlal.
  2814 | D:4      | XOM: chaos upgrade
  2985 | D:4      | XOM: draining
  3058 | D:4      | XOM: give mutations
  3058 | D:4      | Gained mutation: You are frail. (-10% HP) [Xom's mischief]
  3058 | D:4      | Gained mutation: Your spells are a little harder to cast,
                  | but a little more powerful. [Xom's mischief]
  3234 | D:4      | XOM: give mutations
  3234 | D:4      | Gained mutation: You are weak. (Str -2) [Xom's mischief]
  3234 | D:4      | Gained mutation: You are occasionally teleported next to
                  | monsters. [Xom's mischief]
  3236 | D:4      | XOM: give mutations
  3236 | D:4      | Lost mutation: You have an increased reservoir of magic.
                  | (+10% MP) [Xom's mischief]
  3236 | D:4      | Lost mutation: You have a somewhat thin skeletal structure.
                  | (Dex +2, Stealth+) [Xom's mischief]
  3236 | D:4      | Gained mutation: You expend magic power (3 MP) to
                  | strengthen your wands. [Xom's mischief]
  3236 | D:4      | Lost mutation: Your flesh is cold resistant. (rC+) [Xom's
                  | mischief]
  3353 | D:4      | XOM: divination: detect items
  3361 | D:5      | Entered Level 5 of the Dungeon
  3414 | D:5      | XOM: cloud trail
  3448 | D:5      | XOM: potion effect (curing)
  3460 | D:5      | Reached skill level 7 in Axes
  3582 | D:5      | XOM: summons 1 hostile shadow creature
  3651 | D:5      | XOM: enchant monster (bad)
  3654 | D:5      | XOM: noise
  3800 | D:5      | Gained mutation: You sometimes emit foul miasma when
                  | damaged in melee. [demonic ancestry]
  3800 | D:5      | Reached XP level 7. HP: 46/46 MP: 7/7
  3816 | D:5      | Found a shadowy altar of Dithmenos.
  3834 | D:5      | Noticed Prince Ribbit
  3840 | D:5      | XOM: potion effect (haste)
  3841 | D:5      | XOM: cast spell 'Fugue of the Fallen'
  3842 | D:5      | XOM: potion effect (haste)
  3845 | D:5      | XOM: cast spell 'Summon Ice Beast'
  3848 | D:5      | Killed Prince Ribbit
  3849 | D:5      | Reached skill level 8 in Axes
  3872 | D:5      | XOM: silly message
  3964 | D:5      | Noticed Eustachio
  4045 | D:5      | XOM: silly message
  4123 | D:5      | Found a hide-covered altar of Uskayaw.
  4415 | D:5      | XOM: destruction
  4418 | D:5      | Killed Eustachio
  4494 | D:6      | XOM: stealth player
  4496 | D:6      | XOM: polymorph ufetubus -> white imp
  4522 | D:6      | Noticed a yak
  4522 | D:6      | Noticed a yak
  4522 | D:6      | Noticed a yak
  4522 | D:6      | Noticed a yak
  4527 | D:6      | XOM: summons friendly iron imp
  4564 | D:5      | XOM: divination: detect creatures
  4586 | D:6      | XOM: enchant monster (good)
  4591 | D:6      | XOM: cleaving
  4594 | D:6      | XOM: confuse monster(s)
  4597 | D:6      | XOM: butterfly on damage
  4614 | D:5      | XOM: 1-stop teleportation journey
  4790 | D:6      | Mutation became permanent: You have a pair of small
                  | antennae on your head. [demonic ancestry]
  4790 | D:6      | Gained mutation: You have a pair of antennae on your head.
                  | [demonic ancestry]
  4790 | D:6      | Reached XP level 8. HP: 34/54 MP: 8/8
  4968 | D:6      | XOM: destruction
  4977 | D:6      | HP: 2/54 [centaur/arrow (2)]
  4985 | D:6      | XOM: enchant monster (good)
  4985 | D:6      | HP: 2/54 [ufetubus (1)]
  5027 | D:6      | XOM: summons friendly quasit
  5083 | D:6      | XOM: summons friendly quasit
  5096 | D:6      | XOM: confuse monster(s)
  5106 | D:6      | Found a sparkling altar of Nemelex Xobeh.
  5269 | D:6      | Found a runed translucent gate.
  5269 | D:6      | Noticed MacCMillion's ghost (novice HOFi)
  5270 | D:6      | Found a runed translucent gate.
  5387 | D:6      | Identified the +1 chain mail "Tysimm" {rF+ rC+}
  5389 | D:6      | Found a runed translucent gate.
  5426 | D:6      | Reached skill level 9 in Axes
  5438 | D:6      | XOM: cleaving
  5441 | D:6      | Reached skill level 5 in Fighting
  5694 | D:6      | XOM: god gift: 49 gold pieces
  5875 | D:7      | Gained mutation: You are mostly covered in thin metallic
                  | scales. (AC +3) [demonic ancestry]
  5875 | D:7      | Reached XP level 9. HP: 61/61 MP: 9/9
  5887 | D:7      | XOM: noise
  5975 | D:7      | Found a staircase to the Ecumenical Temple.
  5981 | Temple   | XOM: noise
  5981 | Temple   | Entered the Ecumenical Temple
  6026 | D:7      | You are sucked into a shaft and drop 2 floors!
  6103 | D:9      | XOM: confuse monster(s)
  6218 | D:9      | XOM: enchant monster (bad)
  6219 | D:9      | XOM: divination: magic mapping
  6221 | D:9      | XOM: cast spell 'Summon Hydra'
  6230 | D:9      | Reached skill level 5 in Armour
  6238 | D:9      | XOM: enchant monster (good)
  6249 | D:9      | XOM: blink monster(s)
  6265 | D:9      | Reached skill level 10 in Axes
  6396 | D:9      | XOM: 2-stop teleportation journey
  6423 | D:9      | XOM: chaos cloud
  6430 | D:9      | XOM: noise
  6435 | D:9      | XOM: confuse monster(s)
  6508 | D:9      | XOM: polymorph centaur -> quokka
  6673 | D:8      | XOM: smoke on damage
  6775 | D:8      | Noticed a troll
  6785 | D:8      | XOM: 1-stop teleportation journey
  6802 | D:8      | Killed from afar by an orc wizard

Illustrated notes

Levels and vault maps discovered:
D:1:      eino_arrival_water_cross, layout_basic
D:2:      layout_basic, chequers_ecumenical_altar_lobes, minmay_domino_2
D:3:      layout_basic, jmf_multi_god_temple2, serial_rivers,
          chequers_serial_rivers_small_3, chequers_serial_rivers_marsh,
          chequers_serial_rivers_small_a, chequers_serial_rivers_small_a,
          chequers_serial_rivers_small_b, chequers_serial_rivers_room_b,
          minmay_cupped
D:4:      layout_loops_cross, mainiacjoe_overflow_cross_hatched,
          kennysheep_pointless_box, corexii_leaking_fountain
D:5:      corexii_shantytown, layout_basic, mainiacjoe_overflow_chevrons,
          mainiacjoe_overflow_six_doors_small, uniq_eustachio,
          uniq_prince_ribbit1
D:6:      layout_loops_ring, marbit_many_paths, biasface_ghost_orc_armoury,
          wad_floor_pattern_2
D:7:      layout_rooms, minmay_temple_entry_fiery, serial_bayou_pond_e
D:8:      layout_cave_pools, erik_lair_dragon, dilly_guarded_unrand_throatcut
D:9:      layout_loops_corners, nicolae_overflow_hidden_temple,
          mainiacjoe_overflow_concentric_impassable
Temple:   nicolae_temple_two_arcs

Skill      XL: |  1  2  3  4  5  6  7  8  9 |
---------------+----------------------------+-----
Axes           | 3 4 6 7 8 9 10 | 10.2
Armour         | 2 4 6 |  6.1
Fighting       | 5 7 |  7.2
Dodging        | |  0.8

Action                     |  1- 3 |  4- 6 |  7- 9 || total
---------------------------+-------+-------+-------++-------
  Melee: Hand axe          |    45 |   242 |   389 ||   676
         Punch             |       |     3 |     3 ||     6
    Use: Potion            |       |     1 |     3 ||     4
         Scroll            |       |     2 |     5 ||     7
   Stab: Sleeping          |     1 |     7 |       ||     8
         Distracted        |       |     1 |       ||     1
         Paralysed         |       |       |     2 ||     2
         Confused          |       |       |     6 ||     6
         Petrifying        |       |       |     2 ||     2
 Armour: Leather armour    |    25 |   175 |   309 ||   509
  Dodge: Dodged            |    27 |   154 |   227 ||   408
